Workbook
Name rrr: 'прил 1'!$C$3:$D$3
Name п1: 'прил 1'!$C$3
Name п1чистВсеДанные: 'прил 1'!$I$24:$R$25,'прил 1'!$I$28:$R$35,'прил 1'!$I$40:$R$52,'прил 1'!$I$61:$R$68,'прил 1'!$I$71:$R$76,'прил 1'!$I$79:$R$80,'прил 1'!$I$83:$R$94
Name п1чистВсеТекст: 'прил 1'!$F$8:$R$14,'прил 1'!$N$16:$R$18
Name п1чистТек: 'прил 1'!$I$24,'прил 1'!$I$24:$M$25,'прил 1'!$I$28:$M$35,'прил 1'!$I$40:$M$52,'прил 1'!$I$61:$M$68,'прил 1'!$I$71:$M$76,'прил 1'!$I$79:$M$80,'прил 1'!$I$83:$M$94
Name п2: 'прил 2'!$C$3
Name п3чистВсеДанные: #REF!,#REF!,#REF!,#REF!,#REF!,#REF!
Name п3чистТек: #REF!,#REF!
Name п4чистВсеДанные: #REF!,#REF!,#REF!,#REF!,#REF!,#REF!,#REF!,#REF!
Name п4чистТек: #REF!,#REF!,#REF!,#REF!,#REF!,#REF!,#REF!,#REF!
Name п5чистВсеДанные: #REF!,#REF!,#REF!,#REF!
Name п5чистТек: #REF!,#REF!,#REF!,#REF!
Name Приложение: Приложение!$A$1:$D$75
Name тест1: 'прил 1'!$G$6

Sheet прил 1
I3: Приложение 1 к Национальному стандарту бухгалтерского учета и отчетности «Индивидуальная бухгалтерская отчетность» 12.12.2016 № 104 | W3: Заполнение форм начинается с указания периода, за который оформляется отчетность. Для этого, в ячейку слева, окрашенную в желтый цвет, введите дату начала отчетного периода, за который заполняется баланс.
M4: Форма
C5: БУХГАЛТЕРСКИЙ БАЛАНС | U5: 42370
F6: на | G6: =DATE(YEAR(U6),MONTH(U6),DAY(U6)) -> 42735 | U6: 42735 | W6: В ячейку слева, окрашенную в бледно-зеленый цвет, введите дату окончания отчетного периода, за который заполняется баланс.
C8: Организация | F8: Открытое акционерное общество "Жлобинская швейная фабрика" | U8: =DAY(U5) -> 1 | V8: =DAY(U6) -> 31
C9: Учетный номер плательщика | F9: 400075743 | U9: =MONTH(U5) -> 1 | V9: =MONTH(U6) -> 12 | W9: =IF(U9=1,"январь",IF(U9=2,"февраль",IF(U9=3,"март",IF(U9=4,"апрель",IF(U9=5,"май",IF(U9=6,"июнь",IF(U9=7,"июль",W10))))))) -> январь | X9: =IF(V9=1,"январь",IF(V9=2,"февраль",IF(V9=3,"март",IF(V9=4,"апрель",IF(V9=5,"май",IF(V9=6,"июнь",IF(V9=7,"июль",X10))))))) -> декабрь
C10: Вид экономической деятельности | F10: 14130 | U10: =YEAR(U5) -> 2016 | V10: =YEAR(U6) -> 2016 | W10: =IF(U9=8,"август",IF(U9=9,"сентябрь",IF(U9=10,"октябрь",IF(U9=11,"ноябрь",IF(U9=12,"декабрь",0))))) -> 0 | X10: =IF(V9=8,"август",IF(V9=9,"сентябрь",IF(V9=10,"октябрь",IF(V9=11,"ноябрь",IF(V9=12,"декабрь",0))))) -> декабрь
C11: Организационно-правовая форма | F11: Частная
C12: Орган управления
C13: Единица измерения | F13: тыс. рублей
C14: Адрес | F14: 247210 г. Жлобин, ул. Петровского, 17
I16: Дата утверждения | N16: 42825
I17: Дата отправки
I18: Дата принятия
C20: Активы | H20: Код строки | I20: На | J20: =U6 -> 42735 | N20: На | O20: =DATE(YEAR(U5),MONTH(0),DAY(0)) -> 42369
I21: =U6 -> 42735
C22: 1 | H22: 2 | I22: 3 | N22: 4
C23: I. ДОЛГОСРОЧНЫЕ АКТИВЫ
C24: Основные средства | H24: 110 | I24: 802 | N24: 775 | U24: 01 ,02
C25: Нематериальные активы | H25: 120 | I25: 5 | N25: 4 | U25: 04, 05
C26: Доходные вложения в материальные активы | H26: 130 | I26: =SUM(I28:M30) -> 0 | N26: =SUM(N28:R30) -> 0 | U26: 03, 02
C27: в том числе:
C28: инвестиционная недвижимость | H28: 131 | I28: 0 | N28: 0
C29: предметы финансовой аренды (лизинга) | H29: 132 | I29: 0 | N29: 0
C30: прочие доходные вложения в материальные активы | H30: 133 | I30: 0 | N30: 0
C31: Вложения в долгосрочные активы | H31: 140 | I31: 0 | N31: 1 | U31: 08, 07
C32: Долгосрочные финансовые вложения | H32: 150 | I32: 0 | N32: 0 | U32: 06
C33: Отложенные налоговые активы | H33: 160 | I33: 0 | N33: 0 | U33: 09
C34: Долгосрочная дебиторская задолженность | H34: 170 | I34: 0 | N34: 0 | U34: 60, 62, 76 | V34: 63
C35: Прочие долгосрочные активы | H35: 180 | I35: 0 | N35: 0 | U35: 97
C36: ИТОГО по разделу I | H36: 190 | I36: =SUM(I24:M26,I31:M35) -> 807 | N36: =SUM(N24:R26,N31:R35) -> 780
C37: II. КРАТКОСРОЧНЫЕ АКТИВЫ
C38: Запасы | H38: 210 | I38: =SUM(I40:M45) -> 517 | N38: =SUM(N40:R45) -> 405
C39: в том числе:
C40: материалы | H40: 211 | I40: 141 | N40: 105 | U40: 10, 15, 16
C41: животные на выращивании и откорме | H41: 212 | I41: 0 | N41: 0 | U41: 11
C42: незавершенное производство | H42: 213 | I42: 12 | N42: 12 | U42: 20, 21, 23, 29
C43: готовая продукция и товары | H43: 214 | I43: 364 | N43: 288 | U43: 43, 41, 44 | V43: 42
C44: товары отгруженные | H44: 215 | I44: 0 | N44: 0 | U44: 45
C45: прочие запасы | H45: 216 | I45: 0 | N45: 0
C46: Долгосрочные активы, предназначенные для реализации | H46: 220 | I46: 0 | N46: 0 | U46: 47
C47: Расходы будущих периодов | H47: 230 | I47: 30 | N47: 1 | U47: 97
C48: Налог на добавленную стоимость по приобретенным товарам, работам, услугам | H48: 240 | I48: 1 | N48: 7 | U48: 18
C49: Краткосрочная дебиторская задолженность | H49: 250 | I49: 657 | N49: 459 | U49: 60, 62, 76 | V49: 63
C50: Краткосрочные финансовые вложения | H50: 260 | I50: 0 | N50: 0 | U50: 58, 06 | V50: 59
C51: Денежные средства и эквиваленты денежных средств | H51: 270 | I51: 8 | N51: 1 | U51: 50, 51, 52, 55, 57, 58
C52: Прочие краткосрочные активы | H52: 280 | I52: 0 | N52: 0 | U52: 94
C53: ИТОГО по разделу II | H53: 290 | I53: =SUM(I38,I46:M52) -> 1213 | N53: =SUM(N38,N46:R52) -> 873 | U53: =IF(I54-I96=0," ",IF(U54<0,CONCATENATE("Актив баланса на конец отчетного периода меньше пассива на ",-U54," тыс.руб."),CONCATENATE("Актив баланса на конец отчетного периода превышает пассив на ",U54," тыс.руб.")))
C54: БАЛАНС | H54: 300 | I54: =I36+I53 -> 2020 | N54: =N36+N53 -> 1653 | U54: =IF(ABS(I54-I96)>0,I54-I96,0) -> 0 | V54: =IF(ABS(N54-N96)>0,N54-N96,0) -> 0
V55: =IF(N54-N96=0," ",IF(V54<0,CONCATENATE("Актив баланса на начало отчетного периода меньше пассива на ",-V54," тыс.руб."),CONCATENATE("Актив баланса на начало отчетного периода превышает пассив на ",V54," тыс.руб.")))
C57: Собственный капитал и обязательства | H57: Код строки | I57: На | J57: =U6 -> 42735 | N57: На | O57: =DATE(YEAR(U5),MONTH(0),DAY(0)) -> 42369
C58: 1 | I58: =U6 -> 42735
C59: 1 | H59: 2 | I59: 3 | N59: 4
C60: III. СОБСТВЕННЫЙ КАПИТАЛ
C61: Уставный капитал | H61: 410 | I61: 444 | N61: 444 | U61: 80
C62: Неоплаченная часть уставного капитала | H62: 420 | I62: 0 | N62: 0 | U62: 75 (75-1)
C63: Собственные акции (доли в уставном капитале) | H63: 430 | I63: 0 | N63: 0 | U63: 81
C64: Резервный капитал | H64: 440 | I64: 32 | N64: 29 | U64: 82
C65: Добавочный капитал | H65: 450 | I65: 390 | N65: 390 | U65: 83
C66: Нераспределенная прибыль (непокрытый убыток) | H66: 460 | I66: 204 | N66: 183 | U66: 84
C67: Чистая прибыль (убыток) отчетного периода | H67: 470 | I67: 0 | N67: 0 | U67: 99
C68: Целевое финансирование | H68: 480 | I68: 0 | N68: 0 | U68: 86
C69: ИТОГО по разделу III | H69: 490 | I69: =SUM(I61,I64:M68)-I62-I63 -> 1070 | N69: =SUM(N61,N64:R68)-N62-N63 -> 1046
C70: IV. ДОЛГОСРОЧНЫЕ ОБЯЗАТЕЛЬСТВА
C71: Долгосрочные кредиты и займы | H71: 510 | I71: 0 | N71: 0 | U71: 67
C72: Долгосрочные обязательства по лизинговым платежам | H72: 520 | I72: 0 | N72: 0 | U72: 76
C73: Отложенные налоговые обязательства | H73: 530 | I73: 0 | N73: 0 | U73: 65
C74: Доходы будущих периодов | H74: 540 | I74: 0 | N74: 0 | U74: 98
C75: Резервы предстоящих платежей | H75: 550 | I75: 0 | N75: 0 | U75: 96
C76: Прочие долгосрочные обязательства | H76: 560 | I76: 0 | N76: 0
C77: ИТОГО по разделу IV | H77: 590 | I77: =SUM(I71:M76) -> 0 | N77: =SUM(N71:R76) -> 0
C78: V. КРАТКОСРОЧНЫЕ ОБЯЗАТЕЛЬСТВА
C79: Краткосрочные кредиты и займы | H79: 610 | I79: 426 | N79: 64 | U79: 66
C80: Краткосрочная часть долгосрочных обязательств | H80: 620 | I80: 0 | N80: 200
C81: Краткосрочная кредиторская задолженность | H81: 630 | I81: =SUM(I83:M90) -> 524 | N81: =SUM(N83:R90) -> 343
C82: в том числе:
C83: поставщикам, подрядчикам, исполнителям | H83: 631 | I83: 373 | N83: 226 | U83: 60
C84: по авансам полученным | H84: 632 | I84: 21 | N84: 20 | U84: 62
C85: по налогам и сборам | H85: 633 | I85: 12 | N85: 30 | U85: 68
C86: по социальному страхованию и обеспечению | H86: 634 | I86: 11 | N86: 3 | U86: 69
C87: по оплате труда | H87: 635 | I87: 85 | N87: 59 | U87: 70, 76
C88: по лизинговым платежам | H88: 636 | I88: 0 | N88: 0 | U88: 76
C89: собственнику имущества (учредителям, участникам) | H89: 637 | I89: 11 | N89: 4 | U89: 70, 75
C90: прочим кредиторам | H90: 638 | I90: 11 | N90: 1 | U90: 66, 67, 71, 73
C91: Обязательства, предназначенные для реализации | H91: 640 | I91: 0 | N91: 0 | U91: 76
C92: Доходы будущих периодов | H92: 650 | I92: 0 | N92: 0 | U92: 98
C93: Резервы предстоящих платежей | H93: 660 | I93: 0 | N93: 0 | U93: 96
C94: Прочие краткосрочные обязательства | H94: 670 | I94: 0 | N94: 0
C95: ИТОГО по разделу V | H95: 690 | I95: =SUM(I79:M81,I91:M94) -> 950 | N95: =SUM(N79:R81,N91:R94) -> 607 | U95: =IF(I54-I96=0," ",IF(U96<0,CONCATENATE("Пассив баланса на конец отчетного периода меньше актива на ",-U96," тыс.руб."),CONCATENATE("Пассив баланса на конец отчетного периода превышает актив на ",U96," тыс.руб.")))
C96: БАЛАНС | H96: 700 | I96: =I69+I77+I95 -> 2020 | N96: =N69+N77+N95 -> 1653 | U96: =IF(ABS(-I54+I96)>0.9,-I54+I96,0) -> 0 | V96: =IF(ABS(-N54+N96)>0.9,-N54+N96,0) -> 0
V97: =IF(N54-N96=0," ",IF(V96<0,CONCATENATE("Пассив баланса на начало отчетного периода меньше актива на ",-V96," тыс.руб."),CONCATENATE("Пассив баланса на начало отчетного периода превышает актив на ",V96," тыс.руб.")))

Sheet прил 2
K3: Приложение 2 к Национальному стандарту бухгалтерского учета и отчетности «Индивидуальная бухгалтерская отчетность» 12.12.2016 № 104
Q4: Форма
C5: ОТЧЕТ о прибылях и убытках
E6: за | F6: ='прил 1'!W9 -> январь | G6: - | H6: ='прил 1'!X9 -> декабрь | J6: ='прил 1'!I21 -> 42735
C8: Организация | F8: =IF('прил 1'!F8=0," ",'прил 1'!F8) -> Открытое акционерное общество "Жлобинская швейная фабрика"
C9: Учетный номер плательщика | F9: =IF('прил 1'!F9=0," ",'прил 1'!F9) -> 400075743
C10: Вид экономической деятельности | F10: =IF('прил 1'!F10=0," ",'прил 1'!F10) -> 14130
C11: Организационно-правовая форма | F11: =IF('прил 1'!F11=0," ",'прил 1'!F11) -> Частная
C12: Орган управления | F12: =IF('прил 1'!F12=0," ",'прил 1'!F12)
C13: Единица измерения | F13: =IF('прил 1'!F13=0," ",'прил 1'!F13) -> тыс. рублей
C14: Адрес | F14: =IF('прил 1'!F14=0," ",'прил 1'!F14) -> 247210 г. Жлобин, ул. Петровского, 17
C16: Наименование показателей | I16: Код строки | J16: За | K16: =F6 -> январь | M16: - | N16: =H6 -> декабрь | O16: За | P16: =F6 -> январь | R16: - | S16: =H6 -> декабрь
J17: =J6 -> 42735 | O17: =DATE(YEAR(J17),MONTH(0),DAY(0)) -> 42369
C18: 1 | I18: 2 | J18: 3 | O18: 4
C19: Выручка от реализации продукции, товаров, работ, услуг | I19: 010 | J19: 2847 | O19: 2459 | V19: 90 (90-1, 90-2, 90-3)
C20: Себестоимость реализованной продукции, товаров, работ, услуг | I20: 020 | J20: 2113 | O20: 1924 | V20: 90 (90-4)
C21: Валовая прибыль | I21: 030 | J21: =J19-J20 -> 734 | O21: =O19-O20 -> 535
C22: Управленческие расходы | I22: 040 | J22: 307 | O22: 252 | V22: 90 (90-5)
C23: Расходы на реализацию | I23: 050 | J23: 219 | O23: 158 | V23: 90 (90-6)
C24: Прибыль (убыток) от реализации продукции, товаров, работ, услуг | I24: 060 | J24: =J21-J22-J23 -> 208 | O24: =O21-O22-O23 -> 125
C25: Прочие доходы по текущей деятельности | I25: 070 | J25: 545 | O25: 298 | V25: 90 (90-7, 90-8, 90-9)
C26: Прочие расходы по текущей деятельности | I26: 080 | J26: 583 | O26: 329 | V26: 90 (90-10)
C27: Прибыль (убыток) от текущей деятельности | I27: 090 | J27: =J24+J25-J26 -> 170 | O27: =O24+O25-O26 -> 94
C28: Доходы по инвестиционной деятельности | I28: 100 | J28: =SUM(J30:N33) -> 1 | O28: =SUM(O30:S33) -> 0 | V28: 91 (91-1, 91-2, 91-3)
C29: в том числе:
C30: доходы от выбытия основных средств, нематериальных активов и других долгосрочных активов | I30: 101 | J30: 0 | O30: 0
C31: доходы от участия в уставных капиталах других организаций | I31: 102 | J31: 0 | O31: 0
C32: проценты к получению | I32: 103 | J32: 0 | O32: 0
C33: прочие доходы по инвестиционной деятельности | I33: 104 | J33: 1 | O33: 0
C34: Расходы по инвестиционной деятельности | I34: 110 | J34: =SUM(J36:N37) -> 2 | O34: =SUM(O36:S37) -> 1 | V34: 91 (91-4)
C35: в том числе:
C36: расходы от выбытия основных средств, нематериальных активов и других долгосрочных активов | I36: 111 | J36: 2 | O36: 1
C37: прочие расходы по инвестиционной деятельности | I37: 112 | J37: 0 | O37: 0
C38: Доходы по финансовой деятельности | I38: 120 | J38: =SUM(J40:N41) -> 26 | O38: =SUM(O40:S41) -> 2 | V38: 91 (91-1, 91-2, 91-3)
C39: в том числе:
C40: курсовые разницы от пересчета активов и обязательств | I40: 121 | J40: 26 | O40: 2
C41: прочие доходы по финансовой деятельности | I41: 122 | J41: 0 | O41: 0
C42: Расходы по финансовой деятельности | I42: 130 | J42: =SUM(J44:N46) -> 131 | O42: =SUM(O44:S46) -> 87 | V42: 91 (91-4)
C43: в том числе:
C44: проценты к уплате | I44: 131 | J44: 88 | O44: 73
C45: курсовые разницы от пересчета активов и обязательств | I45: 132 | J45: 43 | O45: 14
C46: прочие расходы по финансовой деятельности | I46: 133 | J46: 0 | O46: 0
C47: Прибыль (убыток) от инвестиционной и финансовой деятельности | I47: 140 | J47: =J28-J34+J38-J42 -> -106 | O47: =O28-O34+O38-O42 -> -86
C48: Прибыль (убыток) до налогообложения | I48: 150 | J48: =J27+J47 -> 64 | O48: =O27+O47 -> 8
C49: Налог на прибыль | I49: 160 | J49: 20 | O49: 14 | V49: 99, 68
C50: Изменение отложенных налоговых активов | I50: 170 | J50: 0 | O50: 0 | V50: 09
C51: Изменение отложенных налоговых обязательств | I51: 180 | J51: 0 | O51: 0 | V51: 65
C52: Прочие налоги и сборы, исчисляемые из прибыли (дохода) | I52: 190 | J52: 9 | O52: 7 | V52: 99, 68
C53: Прочие платежи, исчисляемые из прибыли (дохода) | I53: 200 | J53: 0 | O53: 0 | V53: 99, 68
C54: Чистая прибыль (убыток) | I54: 210 | J54: =J48-J49+J50+J51-J52-J53 -> 35 | O54: =O48-O49+O50+O51-O52-O53 -> -13 | W54: =IF(H6="декабрь"," ","≠") | X54: =IF(H6="декабрь"," ",'прил 1'!I67) | Y54: =IF(H6="декабрь"," ","стр.210 гр.3 Отчета ≠ стр.470 гр.3 ББ")
C55: Результат от переоценки долгосрочных активов, не включаемый в чистую прибыль (убыток) | I55: 220 | J55: 0 | O55: 0 | V55: 83
C56: Результат от прочих операций, не включаемый в чистую прибыль (убыток) | I56: 230 | J56: 0 | O56: 0
C57: Совокупная прибыль (убыток) | I57: 240 | J57: =J54+J55+J56 -> 35 | O57: =O54+O55+O56 -> -13
C58: Базовая прибыль (убыток) на акцию | I58: 250 | J58: 0.03 | O58: 0
C59: Разводненная прибыль (убыток) на акцию | I59: 260 | J59: 0.03 | O59: 0

Sheet Приложение
A1: =ROW() -> 1 | B1: А. Сельское, лесное и рыбное хозяйство, 011-017 | C1: 1.5 | D1: 0.2
A2: =ROW() -> 2 | B2: А. Сельское, лесное и рыбное хозяйство, 021-024 | C2: 1.5 | D2: 0.2
A3: =ROW() -> 3 | B3: А. Сельское, лесное и рыбное хозяйство, 031-032 | C3: 1.5 | D3: 0.2
A4: =ROW() -> 4 | B4: В. Горнодобывающая промышленность, 051-052, 061-062, 071-072, 081, 089, 091 | C4: 1.7 | D4: 0.3
A5: =ROW() -> 5 | B5: В. Горнодобывающая промышленность, 099 | C5: 1.2 | D5: 0.15
A6: =ROW() -> 6 | B6: С. Обрабатывающая промышленность, 101, 104-109 | C6: 1.3 | D6: 0.2
A7: =ROW() -> 7 | B7: С. Обрабатывающая промышленность, 102-103 | C7: 1.7 | D7: 0.3
A8: =ROW() -> 8 | B8: С. Обрабатывающая промышленность, 110, 120 | C8: 1.7 | D8: 0.3
A9: =ROW() -> 9 | B9: С. Обрабатывающая промышленность, 131-133, 139, 141-143, 151-152 | C9: 1.3 | D9: 0.2
A10: =ROW() -> 10 | B10: С. Обрабатывающая промышленность, 161-162, 171-172, 181-182 | C10: 1.3 | D10: 0.2
A11: =ROW() -> 11 | B11: С. Обрабатывающая промышленность, 191 | C11: 1.4 | D11: 0.2
A12: =ROW() -> 12 | B12: С. Обрабатывающая промышленность, 192 | C12: 1.7 | D12: 0.3
... A75: =ROW() -> 75 | B75: 18. Прочие виды экономической деятельности | C75: 1.5 | D75: 0.2
